 Dungeon Crawl Stone Soup version 0.29.1 (webtiles) character file.

Game seed: 13936083300481124145

517 qw the Chopper (level 7, -5/43 HPs)
             Began as a Gargoyle Fighter on Sept 13, 2022.
             Slain by Pikel
             ... wielding a +1 whip of flaming
              (7 damage)
             ... on level 5 of the Dungeon.
             The game lasted 00:01:28 (4730 turns).

qw the Chopper (Gargoyle Fighter)                   Turns: 4730, Time: 00:01:28

Health: -5/43      AC: 15    Str: 22    XL:     7   Next: 20%
Magic:  7/7        EV:  7    Int:  8    God:
Gold:   37         SH:  4    Dex:  7    Spells: 6/6 levels left

rFire   . . .      SeeInvis .   Y - +1 war axe
rCold   . . .      Faith    .   c - +0 buckler
rNeg    + . .      Spirit   .   a - +0 chain mail
rPois   inf        Reflect  .   (no helmet)
rElec   +          Harm     .   (no cloak)
rCorr   .          Rampage  .   l - +0 pair of gloves
Will    .....                   (no boots)
Stlth   ..........              k - amulet of the acrobat
HPRegen 0.14/turn               (no ring)
MPRegen 0.10/turn               (no ring)

@: no status effects
A: sickness immunity, AC +4, negative energy resistance 1, electricity
resistance, torment resistance 1, petrification resistance, fangs 1, clumsy 1
a: no special abilities


You were on level 5 of the Dungeon.
You visited 2 branches of the dungeon, and saw 6 of its levels.

You collected 147 gold pieces.
You spent 110 gold pieces at shops.


Innate Abilities, Weirdness & Mutations

You are immune to sickness and miasma.
Your stone body is resilient. (AC +4)
You are immune to poison.
You resist negative energy. (rN+)
You are resistant to electric shocks. (rElec)
You are resistant to unholy torment.
You are immune to petrification.
You have very sharp teeth.
You are clumsy. (Dex -2)


   Skills:
 - Level 4.2 Fighting
 + Level 6.4 Axes
 - Level 3.2 Armour
 - Level 0.9 Dodging
 - Level 3.2 Shields


You had 6 spell levels left.
You didn't know any spells.
Your spell library was empty.

Inventory:

Hand Weapons
 f - a +0 whip
 Y - a +1 war axe (weapon)
Armour
 a - a +0 chain mail (worn)
 c - a +0 buckler (worn)
 l - a +0 pair of gloves (worn)
Jewellery
 k - an amulet of the acrobat (around neck)
Scrolls
 p - a scroll of teleportation
Potions
 b - a potion of mutation
 d - a potion of might
 e - a potion of curing
 g - a potion of brilliance {unknown}
 h - a potion of attraction {unknown}
 i - a potion of flight {unknown}
 j - 2 potions of heal wounds
 m - a potion of resistance {unknown}
 n - a potion of haste {unknown}
 o - a potion of ambrosia {unknown}
 q - a potion of degeneration {unknown}

Dungeon Overview and Level Annotations

Branches:
Dungeon (5/15)             Temple (1/1) D:4

Altars:
Ashenzari
Cheibriados
Fedhas
Gozag
Hepliaklqana
Kikubaaqudgha
Makhleb
Ru
Trog
Uskayaw
Vehumet
Xom
Yredelemnul
The Shining One

Shops:
D:2 =   D:4 *   D:5 (?

Annotations:
D:5 Pikel


Message History

The lemure is lightly wounded.
The lemure hits you but does no damage.
You slash the lemure!
The lemure is heavily wounded.
You barely miss Pikel.
Pikel zaps a wand.
The bolt of dispelling energy hits you!
You closely miss the lemure. Your bite misses the lemure.
The lemure is heavily wounded.
You hit the lemure. You hit Pikel. Pikel hits you but does no damage.
The lemure hits you but does no damage. You block the lemure's attack.
Pikel hits you but does no damage. The lemure hits you but does no damage.
The lemure hits you.
You hit the lemure but do no damage.
The lemure is heavily wounded.
You slash the lemure! You hit Pikel but do no damage.
The lemure hits you but does no damage. The lemure closely misses you.
Pikel zaps a wand.
The bolt of dispelling energy hits you!
You closely miss the lemure.
The lemure is heavily wounded.
You closely miss the lemure. You hit Pikel.
The lemure hits you but does no damage.
Pikel hits you with a +1 whip of flaming.
Pikel burns you. The lemure hits you but does no damage.
You completely miss the lemure.
The lemure is heavily wounded.
You slash the lemure! You closely miss Pikel.
A lemure comes into view.
The lemure closely misses you. Pikel hits you but does no damage.
The lemure hits you but does no damage.
You closely miss the lemure.
The lemure is severely wounded.
You closely miss Pikel.
The lemure shouts!
You hit the lemure but do no damage.
You hear an angry hiss.
A lemure comes into view.
Pikel hits you with a +1 whip of flaming!
Pikel burns you.
The lemure hits you but does no damage. x2
Pikel hits you with a +1 whip of flaming!
You die...

####### #.....#
#.#.#.# #...#.#
#@5.#.# #5K...####
K...5..5##..##.####
###.\....##.##....#
##.5...##.##.##.#
#.....##....#..#
#.....#######.##
#..........<..#
#..$..#<#.#####


You could see Pikel and 4 lemures.

Vanquished Creatures
  An ice beast (D:5)
  A phantom (D:4)
  A scorpion (D:4)
  2 hounds (D:4)
  An orc priest (D:4)
  2 iguanas (D:4)
  An orc wizard (D:4)
  6 adders
  A shadow imp (D:4)
  2 worms
  5 orcs (D:4)
  6 ball pythons
  6 endoplasms
  3 giant cockroaches
  8 goblins
  4 hobgoblins
  3 kobolds
  5 quokkas
  5 bats
  3 frilled lizards
  2 rats (D:1)
68 creatures vanquished.

Notes
Turn   | Place    | Note
-------+----------+-------------------------------------------
     0 | D:1      | qw the Gargoyle Fighter began the quest for the Orb.
     0 | D:1      | Reached XP level 1. HP: 14/14 MP: 1/1
     0 | D:1      | 0 ||| qw: Version: 0.1-a-119-g272c26d
     0 | D:1      | 0 ||| qw: Game counter: 11272
     0 | D:1      | 0 ||| qw: Always use a shield: true
     0 | D:1      | 0 ||| qw: God list: Okawaru
     0 | D:1      | 0 ||| qw: Allow faded altars: false
     0 | D:1      | 0 ||| qw: Do Orc after D:15 true
     0 | D:1      | 0 ||| qw: Do second Lair branch before Depths: true
     0 | D:1      | 0 ||| qw: Lair rune preference: random
     0 | D:1      | 0 ||| qw: Plans: Normal, Zot, God:TSO, Crypt, Tomb, Pan,
                  | Slime, Hells, Zig, Abyss, Orb
     0 | D:1      | 0 ||| PLANNING D:1-11
    64 | D:1      | Reached skill level 2 in Axes
   441 | D:1      | Reached XP level 2. HP: 19/19 MP: 2/2
  1087 | D:1      | 1087 ||| UPGRADING to +0 pair of gloves.
  1092 | D:1      | 1092 ||| READING scroll labelled ESITZIX TEOBLAU.
  1093 | D:1      | 1093 ||| READING scroll labelled ZIOKANN DOHAA.
  1239 | D:2      | Found Zoree's Jewellery Shoppe.
  1271 | D:2      | Reached skill level 3 in Axes
  1299 | D:2      | Reached XP level 3. HP: 18/23 MP: 3/3
  1378 | D:2      | 1378 ||| SHOPLISTING +4 ring of protection (468 gold, have
                  | 30).
  1378 | D:2      | 1378 ||| SHOPLISTING +6 ring of strength (468 gold, have
                  | 30).
  1378 | D:2      | 1378 ||| SHOPLISTING amulet of the acrobat (390 gold, have
                  | 30).
  1378 | D:2      | 1378 ||| SHOPLISTING ring of see invisible (195 gold, have
                  | 30).
  1378 | D:2      | 1378 ||| SHOPLISTING ring of willpower (325 gold, have 30).
  1440 | D:2      | 1440 ||| STAIRDANCE
  1469 | D:1      | 1469 ||| UPGRADING to +0 chain mail.
  1479 | D:1      | 1479 ||| DROPPING +0 scale mail.
  1480 | D:1      | 1480 ||| READING scroll labelled GELEQI RIOZO.
  1519 | D:2      | 1519 ||| Stepping ~*~*~tactically~*~*~ (hiding).
  1746 | D:2      | Reached XP level 4. HP: 22/28 MP: 4/4
  1921 | D:2      | Found a faded altar of an unknown god.
  1962 | D:2      | 1962 ||| READING scroll labelled GUOTTY XIOBA.
  1963 | D:2      | 1963 ||| READING scroll labelled VITTOUBOCS.
  1964 | D:2      | 1964 ||| READING 2 scrolls labelled MOBETU IRA XUO.
  2100 | D:3      | 2100 ||| Stepping ~*~*~tactically~*~*~ (stealth).
  2208 | D:3      | Reached skill level 4 in Axes
  2450 | D:3      | Identified the +1 scale mail of Ricsusch {Str+3 Int+2}
  2738 | D:3      | 2738 ||| DROPPING +1 scale mail of Ricsusch {Str+3 Int+2}.
  2739 | D:3      | 2739 ||| READING scroll labelled EWNAUH XOLL.
  2740 | D:3      | 2740 ||| READING scroll labelled SYXZAP NEMAUMEPAK.
  2741 | D:3      | 2741 ||| READING scroll labelled BUIWYJYBRE.
  2742 | D:3      | 2742 ||| READING scroll labelled ZOZY FOEF ASAU.
  2784 | D:4      | 2784 ||| Stepping ~*~*~tactically~*~*~ (stealth).
  2789 | D:4      | 2789 ||| FLEEEEING.
  2791 | D:4      | 2791 ||| FLEEEEING.
  2792 | D:4      | 2792 ||| FLEEEEING.
  2793 | D:4      | 2793 ||| STAIRDANCE
  2818 | D:4      | Noticed a scorpion
  2823 | D:4      | Killed a scorpion
  2824 | D:4      | Reached skill level 5 in Axes
  2824 | D:4      | Reached XP level 5. HP: 32/32 MP: 5/5
  2836 | D:4      | 2836 ||| FLEEEEING.
  2837 | D:4      | 2837 ||| FLEEEEING.
  2838 | D:4      | 2838 ||| FLEEEEING.
  2839 | D:4      | 2839 ||| FLEEEEING.
  2840 | D:4      | 2840 ||| FLEEEEING.
  2841 | D:4      | 2841 ||| STAIRDANCE
  2933 | D:4      | 2933 ||| READING scroll of teleportation.
  3166 | D:4      | 3166 ||| Stepping ~*~*~tactically~*~*~ (hiding).
  3167 | D:4      | 3167 ||| Stepping ~*~*~tactically~*~*~ (stealth).
  3172 | D:4      | Reached XP level 6. HP: 35/38 MP: 6/6
  3197 | D:4      | Found a staircase to the Ecumenical Temple.
  3197 | D:4      | Found Ketapuas's General Store.
  3198 | D:4      | 3198 ||| PLANNING TEMPLE
  3202 | Temple   | Entered the Ecumenical Temple
  3374 | Temple   | 3374 ||| PLANNING D:1-11
  3441 | D:4      | 3441 ||| SHOPLISTING +8 flail of Prudence {drain, rPois rN+
                  | Str+6} (817 gold, have 118).
  3441 | D:4      | 3441 ||| BUYING 2 potions of heal wounds (110 gold).
  3441 | D:4      | Bought 2 potions of heal wounds for 110 gold pieces
  3441 | D:4      | 3441 ||| SHOPLISTING scroll of teleportation (33 gold, have
                  | 8).
  4185 | D:4      | Reached skill level 6 in Axes
  4298 | D:4      | 4298 ||| UPGRADING to amulet of the acrobat.
  4410 | D:4      | Reached XP level 7. HP: 43/43 MP: 7/7
  4473 | D:4      | Found a radiant altar of Vehumet.
  4476 | D:4      | Found a snail-covered altar of Cheibriados.
  4479 | D:4      | Found a shimmering altar of Xom.
  4489 | D:4      | Found an opulent altar of Gozag.
  4580 | D:4      | 4580 ||| DRINKING 2 fuming clear potions.
  4580 | D:4      | Gained mutation: You have very sharp teeth. [potion of
                  | mutation]
  4580 | D:4      | Gained mutation: You are clumsy. (Dex -2) [potion of
                  | mutation]
  4581 | D:4      | 4581 ||| DRINKING 2 glowing white potions.
  4615 | D:5      | Entered Level 5 of the Dungeon
  4627 | D:5      | Found Boxkeebu's Magic Scroll Emporium.
  4632 | D:5      | Found Gatov's Antique Weapon Boutique.
  4636 | D:5      | 4636 ||| SHOPLISTING scroll of acquirement (728 gold, have
                  | 37).
  4636 | D:5      | 4636 ||| SHOPLISTING scroll of enchant armour (105 gold,
                  | have 37).
  4636 | D:5      | 4636 ||| SHOPLISTING scroll of teleportation (42 gold, have
                  | 37).
  4658 | D:5      | 4658 ||| Stepping ~*~*~tactically~*~*~ (stealth).
  4659 | D:5      | 4659 ||| Stepping ~*~*~tactically~*~*~ (stealth).
  4660 | D:5      | 4660 ||| Stepping ~*~*~tactically~*~*~ (stealth).
  4712 | D:5      | Noticed Pikel
  4713 | D:5      | 4713 ||| Stepping ~*~*~tactically~*~*~ (stealth).
  4716 | D:5      | 4716 ||| Stepping ~*~*~tactically~*~*~ (stealth).
  4718 | D:5      | 4718 ||| Stepping ~*~*~tactically~*~*~ (hiding).
  4730 | D:5      | HP: 6/43 [Pikel/+1 whip of flaming (8)]
  4730 | D:5      | HP: 2/43 [Pikel/+1 whip of flaming (4)]
  4730 | D:5      | Slain by Pikel

Levels and vault maps discovered:
D:1:      shiori_shiawase, layout_loops_corners
D:2:      layout_rooms, serial_shops,
          nicolae_shop_temple_entry_statues_fountains,
          hellmonk_ecumenical_altar_run_dry
D:3:      layout_loops_ring, minmay_tree_intersection,
          minmay_misc_feat_four_crosses
D:4:      layout_rooms, grunt_temple_overflow_cloverleaf,
          minmay_temple_entry_proselytizer, serial_co_window_serial,
          co_window_paths_a, co_window_paths_a, co_window_of_opportunity_a,
          co_window_corner_a, co_window_paths_b, co_window_2corner,
          co_window_corner_b, co_window_unsneaky_path_e, co_window_2corner,
          co_window_2corner, co_window_unsneaky_path_b, co_window_sun,
          co_window_4corner_b, glass_columns_a, glass_columns_b,
          glass_columns_c, glass_columns_a, glass_columns_b, serial_shops,
          shop_statue
D:5:      layout_basic, nzn_wu_jian_contemplation, serial_shops, shop,
          nicolae_shop_statue_plus, kennysheep_mini_moat, nicolae_shop_stone,
          nicolae_shop_statue_plus, nrook_campfire, kennysheep_generic_room_14,
          uniq_pikel
Temple:   jpeg_temple_alley_garden

Skill      XL: |  1  2  3  4  5  6 |
---------------+-------------------+-----
Axes           | 2 3 5 6 |  6.4
Fighting       | 4 |  4.2
Armour         | |  3.2
Dodging        | |  0.9
Shields        | |  3.2

Action                   |  1- 3 |  4- 6 |  7- 9 || total
-------------------------+-------+-------+-------++-------
Melee: War axe           |    93 |   150 |    22 ||   265
       Bite              |       |       |     2 ||     2
  Use: Scroll            |     3 |     8 |       ||    11
       Potion            |       |       |     2 ||     2
Armor: Scale mail        |    40 |       |       ||    40
       Chain mail        |    13 |    83 |    18 ||   114
Dodge: Dodged            |    49 |    52 |     8 ||   109
Block: Buckler           |    17 |    25 |     6 ||    48

Table legend:
 A = Non-vault XP
 B = Vault XP
 C = Vault XP percentage of total XP
 D = Non-vault monster count
 E = Vault monster count
 F = Vault count percentage of total count
                 A         B        C        D         E       F
            +---------+---------+-------+---------+---------+-------
      Total |     698 |      41 |   5.5 |      67 |       1 |   1.5
            +---------+---------+-------+---------+---------+-------
        D:1 |      18 |       0 |   0.0 |      12 |       0 |   0.0
        D:2 |      68 |       0 |   0.0 |      16 |       0 |   0.0
        D:3 |      50 |       0 |   0.0 |      13 |       0 |   0.0
        D:4 |     440 |      41 |   8.5 |      25 |       1 |   3.8
        D:5 |     122 |       0 |   0.0 |       1 |       0 |   0.0
            +---------+---------+-------+---------+---------+-------
